 Dungeon Crawl Stone Soup version 0.18-a0-1243-g9e52518 (webtiles) character file.

2251 namelastname112 the Basher (level 9, -1/75 HPs)
             Began as a Pale Draconian Gladiator on Feb 5, 2016.
             Was an Initiate of Gozag.
             Slain by an orc
             ... wielding a +0 flail
              (6 damage)
             ... on level 8 of the Dungeon.
             The game lasted 00:10:40 (6267 turns).

namelastname112 the Basher (DrGl)                   Turns: 6267, Time: 00:10:41

Health: -1/75      AC:  8    Str: 18    XL:     9   Next: 15%
Magic:  3/3        EV: 15    Int:  8    God:    Gozag
Gold:   416        SH:  0    Dex: 15    Spells: 0 memorised, 8 levels left

rFire  + + .     SeeInvis .     p - +11 dagger "Cisyik" {antimagic, rElec rF++ MR+}
rCold  . . .     Gourm    .     (armour unavailable)
rNeg   + . .     Faith    .     (no shield)
rPois  +         Spirit   .     b - +0 hat
rElec  +         Dismiss  .     r - +0 cloak {rPois}
rCorr  .         Reflect  .     (no gloves)
SustAt .         Harm     .     (no boots)
MR     ++...                    J - amulet of magic regeneration
Stlth  +.........               i - ring of positive energy
                                h - ring of protection from magic

@: short of breath, very resistant to hostile enchantments, very unstealthy
A: breathe steam, unfitting armour, cold-blooded, AC +7
a: Breathe Steam, Potion Petition, Call Merchant, Bribe Branch, Renounce
Religion


You were on level 8 of the Dungeon.
You worshipped Gozag.
Gozag was noncommittal.
You were not hungry.

You visited 2 branches of the dungeon, and saw 9 of its levels.

You collected 507 gold pieces.
You paid 91 gold pieces to Gozag.

Inventory:

Hand Weapons
 a - a +0 flail
 c - a +1 whip of flaming
 p - the +11 dagger "Cisyik" (weapon) {antimagic, rElec rF++ MR+}
   (You found it on level 6 of the Dungeon)

   It disrupts the flow of magical energy around spellcasters and certain
   magical creatures (including the wielder).
   It greatly protects you from fire.
   It insulates you from electricity.
   It affects your resistance to hostile enchantments.
 q - a +2 quarterstaff of chaos
 s - a +1 dagger of electrocution
 K - a +2 flail of crushing
 M - the +8 dagger of Blood {freeze, rF++ MR- Dex+4}
   (You found it on level 7 of the Dungeon)

   It has been specially enchanted to freeze those struck by it, causing extra
   injury to most foes and up to half again as much damage against particularly
   susceptible opponents.
   It can also slow down cold-blooded creatures.
   It affects your dexterity (+4).
   It greatly protects you from fire.
   It affects your resistance to hostile enchantments.
Missiles
 F - 3 throwing nets (quivered)
 O - 5 javelins
Armour
 b - a +0 hat (worn)
 r - a +0 cloak of poison resistance (worn)
 t - a +2 shield
Jewellery
 h - a ring of protection from magic (left hand)
 i - a ring of positive energy (right hand)
 v - an uncursed ring of flight
 J - an amulet of magic regeneration (around neck)
Wands
 j - a wand of digging (15/24)
 x - a wand of heal wounds (5/9)
Scrolls
 e - 2 scrolls of immolation {unknown}
 f - 3 scrolls of recharging {unknown}
 g - 3 scrolls of teleportation {unknown}
 k - 6 scrolls of remove curse {unknown}
 l - 6 scrolls of identify {unknown}
 n - a scroll of enchant armour {unknown}
 u - 2 scrolls of fear {unknown}
 y - 2 scrolls of random uselessness {unknown}
 B - 2 scrolls of fog {unknown}
 D - a scroll of enchant weapon {unknown}
 E - a scroll of blinking {unknown}
Potions
 m - 3 potions of flight {unknown}
 w - 3 potions of heal wounds
 z - a potion of curing {unknown}
 A - a potion of resistance {unknown}
 G - a potion of berserk rage {unknown}
 H - a potion of might {unknown}
 L - a potion of haste {unknown}
 N - a potion of cancellation {unknown}
Books
 C - an Akashic Record

   Spells                             Type                      Level
   a - Dispersal                      Translocation                6
   b - Malign Gateway                 Summoning/Translocation      7
   c - Disjunction                    Translocation                8
   d - Controlled Blink               Translocation                8
Comestibles
 d - 4 bread rations
 o - 3 meat rations


   Skills:
 + Level 6.2 Fighting
 * Level 8.4 Maces & Flails
 + Level 5.1 Throwing
 + Level 5.7 Dodging


You had 8 spell levels left.
You didn't know any spells.

Dungeon Overview and Level Annotations

Branches:
Dungeon (8/15)             Temple (1/1) D:6
   Lair: D:8-11

Altars:
Fedhas
Gozag
Kikubaaqudgha
Makhleb
Nemelex Xobeh
Pakellas
Xom
Yredelemnul
The Shining One

Annotations:
D:4 namelastname112's ghost, novice DrGl


Innate Abilities, Weirdness & Mutations

You can breathe blasts of scalding, opaque steam.
Your pale cyan-grey scales are hard (AC +7).
Your body does not fit into most forms of armour.
You are cold-blooded and may be slowed by cold attacks.


Message History

You can't do that yet.
Unknown command.
You have got your breath back.
The orc warrior is no longer distracted by gold.
The jelly jiggles.
Press: ? - help, Shift-Dir - straight line, f - orc warrior
Aim: an orc warrior, wielding a trident and wearing a plate armour (moderately wounded)
You exhale a blast of scalding steam.
You feel somewhat more hungry.
The orc shouts!
A hound comes into view.
The orc shouts! x2
An adder comes into view.
The giant frog gives a loud, deep croak!
The orc warrior throws a tomahawk.
The tomahawk hits you!
* * * LOW HITPOINT WARNING * * *
A killer bee comes into view.
You see here a tomahawk.
The orc hits you with a flail.
You die...
Your body crumbles into a pile of gold.

......o..#
#.......<(##
##...%o......F.#
...y......#####
#....D....#
#.S.......##
#.[.F.o.....
#..oo.....#
#...@.....#
###(##.##...
#.h....#
#.#..### ##
...##.## .## ###
#..# #... ##.#
######.... #.#
#......... #o#
#....<....


You could see a steam dragon, a giant frog, a hound, a killer bee, an adder and
4 orcs.

Vanquished Creatures
  Pikel (D:6)
  A kobold demonologist (D:6)
  Menkaure (D:4)
  A hippogriff (D:7)
  An ogre (D:5)
  4 slaves (D:6)
  A phantom (D:4)
  A centaur (D:7)
  A big kobold (D:8)
  Blork the orc (D:5)
  2 giant frogs (D:6)
  A wyvern skeleton (D:7)
  A scorpion (D:5)
  5 wights (D:8)
  A crimson imp (D:5)
  A wasp zombie (D:5)
  Crazy Yiuf (D:2)
  A centaur skeleton (D:6)
  2 orc wizards (D:4)
  3 worker ants
  A hound skeleton (D:7)
  4 gnolls (D:7)
  6 adders
  A shadow imp (D:5)
  2 oozes
  2 adder skeletons
  A worm (D:3)
  2 giant geckos
  12 orcs
  A ball python (D:1)
  13 bats
  6 giant cockroaches
  8 hobgoblins
  19 jackals
  2 quokkas (D:2)
  5 giant newts
  7 goblins
  12 kobolds
  4 rats
139 creatures vanquished.

Notes
Turn   | Place    | Note
--------------------------------------------------------------
     0 | D:1      | namelastname112 the Draconian Gladiator began the quest for the Orb.
     0 | D:1      | Reached XP level 1. HP: 17/17 MP: 1/1
   216 | D:1      | Reached XP level 2. HP: 12/25 MP: 2/2
   949 | D:1      | Reached XP level 3. HP: 30/30 MP: 3/3
  1487 | D:2      | Reached XP level 4. HP: 33/37 MP: 4/4
  1498 | D:2      | Reached skill level 4 in Maces & Flails
  1744 | D:2      | Noticed Crazy Yiuf
  1755 | D:2      | Killed Crazy Yiuf
  1967 | D:2      | Found a sparkling altar of Nemelex Xobeh.
  2086 | D:3      | Reached XP level 5. HP: 45/45 MP: 5/5
  2798 | D:4      | Noticed a phantom
  2843 | D:4      | Killed a phantom
  2843 | D:4      | Reached skill level 5 in Maces & Flails
  2843 | D:4      | Reached XP level 6. HP: 29/51 MP: 6/6
  2970 | D:4      | Noticed namelastname112's ghost (novice DrGl)
  3337 | D:4      | Noticed Menkaure
  3351 | D:4      | Killed Menkaure
  3804 | D:5      | Entered Level 5 of the Dungeon
  4012 | D:5      | Noticed Blork the orc
  4020 | D:5      | Killed Blork the orc
  4050 | D:5      | Reached XP level 7. HP: 59/59 MP: 7/7
  4050 | D:5      | Your scales start taking on a pale cyan-grey colour.
  4197 | D:5      | Reached skill level 6 in Maces & Flails
  4441 | D:5      | Found a shimmering altar of Xom.
  4441 | D:5      | Found a burning altar of Makhleb.
  4673 | D:6      | Noticed Pikel
  4827 | D:6      | Noticed a kobold demonologist
  4833 | D:6      | Noticed an orange demon
  4834 | D:6      | Killed a kobold demonologist
  4834 | D:6      | Reached XP level 8. HP: 60/67 MP: 8/8
  4907 | D:6      | Reached skill level 5 in Fighting
  4923 | D:6      | Found a staircase to the Ecumenical Temple.
  4967 | Temple   | Entered the Ecumenical Temple
  4974 | Temple   | Became a worshipper of Gozag Ym Sagoz the Greedy
  5101 | D:6      | Killed Pikel
  5101 | D:6      | Reached skill level 7 in Maces & Flails
  5101 | D:6      | Reached skill level 5 in Dodging
  5182 | D:6      | Found an oddly glowing altar of Pakellas.
  5519 | D:6      | Found a sparkling altar of Nemelex Xobeh.
  5519 | D:6      | Found a glowing golden altar of the Shining One.
  5553 | D:6      | Got a shimmering dagger
  5555 | D:6      | Identified the +11 dagger "Cisyik" {antimagic, rElec rF++ MR+} (You found it on level 6 of the Dungeon)
  5742 | D:7      | Reached skill level 8 in Maces & Flails
  5865 | D:7      | Got a shimmering dagger
  5866 | D:7      | Identified the +8 dagger of Blood {freeze, rF++ MR- Dex+4} (You found it on level 7 of the Dungeon)
  5992 | D:7      | Reached skill level 5 in Throwing
  5992 | D:7      | Reached XP level 9. HP: 39/75 MP: 3/9
  6267 | D:8      | Slain by an orc

Vault maps used:
D:1:      dpeg_arrival_solitude, minmay_misc_feat_enclosed, st_stairs_5,
          minmay_box_of_dots
D:2:      hangedman_decor_growths, nemelex_dance_club_becter,
          uniq_crazy_yiuf_cottage
D:3:      kennysheep_generic_room_12
D:4:      minmay_misc_feat_tiny, uniq_menkaure
D:5:      grunt_temple_overflow_champion_of_chaos, first_bread,
          kennysheep_generic_room_2, uniq_blork_the_orc, uniq_prince_ribbit1
D:6:      gammafunk_temple_overflow_elements, temple_pool_a,
          johnstein_pakellas_death_squad, uniq_pikel
D:8:      david_nohive_1
Temple:   nicolae_temple_the_god_donut

Action                   |  1- 3 |  4- 6 |  7- 9 || total
-------------------------+-------+-------+-------++-------
Melee: Flail             |   117 |    29 |       ||   146
       Quarterstaff      |       |    17 |       ||    17
       Dagger            |       |   145 |   162 ||   307
Throw: Throwing net      |       |     4 |     1 ||     5
 Abil: Breathe Steam     |       |       |     8 ||     8
  Use: Potion            |       |     2 |       ||     2
 Stab: Sleeping          |     2 |     3 |     1 ||     6
       Held in net/web   |       |     1 |       ||     1
  Eat: Chunk             |     2 |    14 |       ||    16
       Fruit             |       |       |     4 ||     4
